 Dungeon Crawl Stone Soup version 0.29-a0-923-g6e406bff71 (webtiles) character file.

Game seed: 4389071611198040497

437 rabbitsville the Conjurer (level 6, -3/32 HPs)
             Began as a Deep Elf Conjurer on July 27, 2022.
             Slain by Duvessa
             ... wielding a +0 short sword
              (11 damage)
             ... on level 4 of the Dungeon.
             The game lasted 00:11:50 (5145 turns).

rabbitsville the Conjurer (Deep Elf Conjurer)       Turns: 5145, Time: 00:11:52

Health: -3/32      AC:  4    Str:  4    XL:     6   Next: 69%
Magic:  11/16      EV: 12    Int: 25    God:
Gold:   120        SH:  0    Dex: 19    Spells: 13/16 levels left

rFire   . . .      SeeInvis .   B - +2 dagger (vamp)
rCold   . . .      Faith    .   w - orb {light}
rNeg    . . .      Spirit   .   q - +0 leather armour {rPois}
rPois   +          Reflect  .   (no helmet)
rElec   .          Harm     .   (no cloak)
rCorr   .          Rampage  .   (no gloves)
Will    +....                   A - +0 pair of boots
Stlth   +.........              h - amulet of regeneration
HPRegen 0.90/turn               n - +6 ring of dexterity
MPRegen 0.15/turn               p - ring of willpower

@: glowing
A: no striking features
a: no special abilities


You were on level 4 of the Dungeon.
You visited 2 branches of the dungeon, and saw 5 of its levels.

You collected 120 gold pieces.

Inventory:

Hand Weapons
 i - a +0 spear
 B - a +2 vampiric dagger (weapon)
Armour
 a - a +0 robe
 q - a +0 leather armour of poison resistance (worn)
 w - an orb of light (worn)
 A - a +0 pair of boots (worn)
Jewellery
 h - an amulet of regeneration (around neck)
 n - a +6 ring of dexterity (left hand)
 p - a ring of willpower (right hand)
 C - a ring of flight
Wands
 d - a wand of flame (19)
 v - a wand of light (16)
Scrolls
 e - a scroll of brand weapon {unknown}
 g - 3 scrolls of teleportation {unknown}
 j - a scroll of noise {unknown}
 k - 5 scrolls of identify {unknown}
 s - a scroll of poison {unknown}
 t - a scroll of vulnerability {unknown}
 x - a scroll of blinking {unknown}
 y - a scroll of fear {unknown}
 z - a scroll of magic mapping {unknown}
Potions
 b - a potion of magic
 c - a potion of brilliance {unknown}
 f - 2 potions of cancellation {unknown}
 l - 2 potions of haste {unknown}
 m - 2 potions of flight {unknown}
 o - 2 potions of attraction {unknown}
 r - a potion of heal wounds {unknown}
 u - 2 potions of curing {unknown}


   Skills:
 - Level 2.4 Dodging
 - Level 4.0 Stealth
 + Level 5.7 Spellcasting
 - Level 6.0 Conjurations
 * Level 3.9 Summonings
 - Level 0.2 Air Magic


You had 13 spell levels left.
You knew the following spells:

 Your Spells              Type           Power      Damage    Failure   Level
a - Magic Dart            Conj           100%       1d8       1%          1
b - Searing Ray           Conj           74%        2d7       1%          2

Your spell library contained the following spells:

 Spells                   Type           Power      Damage    Failure   Level
 Summon Small Mammal      Summ           100%       N/A       2%          1
 Shock                    Conj/Air       88%        1d8       3%          1
 Call Canine Familiar     Summ           26%        N/A       9%          3
 Dazzling Flash           Conj/Hex       44%        N/A       12%         3
 Summon Guardian Golem    Hex/Summ       16%        N/A       19%         3
 Swiftness                Air            8%         N/A       36%         3
 Fulminant Prism          Conj/Hex       11%        3d9       36%         4
 Iskenderun's Mystic Bla  Conj/Tloc      22%        2d6       36%         4
 Gell's Gravitas          Tloc           7%         N/A       38%         3
 Inner Flame              Hex/Fire       7%         N/A       38%         3
 Lesser Beckoning         Tloc           7%         N/A       38%         3
 Teleport Other           Tloc           7%         N/A       38%         3
 Airstrike                Air            4%         0-3+      77%         4
 Cause Fear               Hex            3%         N/A       80%         4
 Discord                  Hex            3%         N/A       100%        8


Dungeon Overview and Level Annotations

Branches:
Dungeon (4/15)             Temple (1/1) D:4

Altars:
Ashenzari
Cheibriados
Dithmenos
Elyvilon
Fedhas
Gozag
Makhleb
Nemelex Xobeh
Okawaru
Qazlal
Sif Muna
Trog
Uskayaw
Wu Jian
Xom
Yredelemnul
Zin

Annotations:
D:4 Duvessa


Message History

The orc is heavily wounded.
The orc misses you.
The magic dart hits the orc but does no damage.
The orc is heavily wounded.
The orc hits you with a +0 falchion.
The magic dart hits the orc.
The orc is almost dead.
The orc hits you but does no damage.
The magic dart hits the orc.
You kill the orc!
HP restored.
Things that are here:
a +0 falchion; a +0 leather armour; an orc corpse
k - 5 scrolls labelled SYESKO TADO (gained 1)
C - a ring of flight You see here a scorpion corpse.
Found an escape hatch in the ceiling.
Okay, then.
Unknown command.
Duvessa, Sister of Dowan comes into view.
She is wielding a +0 short sword.
Duvessa shouts!
Duvessa goes berserk!
You hear a shout! x3
You hear a shout!
There is a stone staircase leading up here.
The searing ray misses Duvessa. (Press . to maintain the ray.)
The searing ray hits Duvessa.
Duvessa is lightly wounded.
Duvessa completely misses you.
The searing ray hits Duvessa but does no damage.
Duvessa is lightly wounded.
Duvessa hits you with a +0 short sword!
The searing ray hits Duvessa.
Duvessa is lightly wounded.
You finish channelling your searing ray.
Duvessa hits you with a +0 short sword!
* * * LOW HITPOINT WARNING * * *
Duvessa hits you with a +0 short sword!
You die...

..# #.# #.## ....## #.#
#†# #...# #.##
#######.## #<.###..###
#...##..## #........#
#.#.......
#####.##.####...##.###
#.##.##...#.##.#
#e##.#...##.##.#
#@.......##.##.#
######.....####..#.#
#......#[#.#####.#.#
###.####...#....##(..###
#...# ##.######..#.)....
#######.### #..#
#......##. ###.).....#
#.## ##...#.##.
#...####### #.#
#####..##.##. #.### #.#
#....<.......


You could see Duvessa (berserk).

Vanquished Creatures
  A necrophage (D:3)
  A scorpion (D:4)
  Dowan (D:4)
  2 hounds (D:4)
  An orc priest (D:3)
  Jessica (D:2)
  Ijyb (D:3)
  An orc wizard (D:3)
  3 adders
  A gnoll (D:1)
  4 worms (D:3)
  A dart slug (D:3)
  4 orcs
  5 endoplasms
  4 giant cockroaches
  6 goblins
  A hobgoblin (D:3)
  2 jackals (D:1)
  A quokka (D:1)
  5 ball pythons
  8 bats
  2 frilled lizards
  6 kobolds
  4 rats (D:1)
66 creatures vanquished.

Notes
Turn   | Place    | Note
-------+----------+-------------------------------------------
     0 | D:1      | rabbitsville the Deep Elf Conjurer began the quest for the
                  | Orb.
     0 | D:1      | Reached XP level 1. HP: 10/10 MP: 6/6
   339 | D:1      | Reached XP level 2. HP: 15/15 MP: 6/8
  1359 | D:1      | Reached skill level 5 in Conjurations
  1359 | D:1      | Reached XP level 3. HP: 19/19 MP: 3/10
  1362 | D:1      | Learned a level 2 spell: Searing Ray
  1862 | D:2      | Found a faded altar of an unknown god.
  2647 | D:3      | Reached XP level 4. HP: 24/24 MP: 9/12
  2720 | D:3      | Noticed Ijyb
  2728 | D:3      | Killed Ijyb
  3260 | D:2      | Noticed Jessica
  3264 | D:2      | Killed Jessica
  3265 | D:2      | Reached XP level 5. HP: 28/28 MP: 8/13
  3344 | D:3      | Reached skill level 6 in Conjurations
  3682 | D:3      | Reached skill level 1 in Summonings
  4444 | D:4      | Found a staircase to the Ecumenical Temple.
  4452 | Temple   | Entered the Ecumenical Temple
  4615 | D:4      | Noticed Dowan
  4632 | D:3      | Reached skill level 5 in Spellcasting
  4632 | D:3      | Reached XP level 6. HP: 19/32 MP: 3/15
  4793 | D:4      | Killed Dowan
  4861 | D:4      | Found a shimmering blue altar of Sif Muna.
  5135 | D:4      | Noticed Duvessa
  5145 | D:4      | Slain by Duvessa

Illustrated notes

Levels and vault maps discovered:
D:1:      erik_arrival_cave_to_civilisation [erik_arrival_cave_to_hall],
          layout_basic, serial_rivers, chequers_serial_rivers_small_a,
          chequers_serial_rivers_room_b, chequers_serial_rivers_large_a,
          chequers_serial_rivers_large_b, chequers_serial_rivers_micro_a,
          chequers_serial_rivers_small_3
D:2:      layout_basic, nicolae_ecumenical_pavilion, serial_co_window_serial,
          co_window_paths_a, co_window_paths_a, co_window_paths_b,
          co_window_paths_b, co_window_paths_b, co_window_paths_a,
          co_window_paths_b, co_window_broadway_a, co_window_corner_b,
          co_window_2corner, co_window_paths_c, co_window_4corner_a,
          glass_columns_a, glass_columns_c, uniq_jessica
D:3:      layout_basic, dk_noncrumbling_4, nicolae_wormholes, uniq_ijyb
D:4:      layout_rooms, general_overflow_altar, temple_fountains, uniq_duvessa
Temple:   nicolae_temple_superstar

Skill      XL: |  1  2  3  4  5  6 |
---------------+-------------------+-----
Stealth        | 3 4 |  4.0
Conjurations   | 5 6 |  6.0
Spellcasting   | 4 5 |  5.7
Summonings     | 2 3 |  3.9
Dodging        | |  2.4
Air Magic      | |  0.2

Action                   |  1- 3 |  4- 6 || total
-------------------------+-------+-------++-------
Melee: Club              |     2 |       ||     2
 Cast: Magic Dart        |    54 |   104 ||   158
       Searing Ray       |       |     4 ||     4
Armor: Robe              |     1 |       ||     1
       Leather armour    |       |     5 ||     5
Dodge: Dodged            |     9 |     9 ||    18

Table legend: (Time is in decaauts)
 A = Elapsed time spent in this place.
 B = Non-inter-level travel time spent in this place.
 C = Inter-level travel time spent in this place.
 D = Time resting spent in this place.
 E = Time spent auto-exploring this place.
 F = Levels seen in this place.
 G = Mean time per level.
                   A        B        C        D        E       F      G
               +--------+--------+--------+--------+--------+-----+--------+
         Total |   5219 |   4835 |    384 |      0 |   4351 |   5 | 1043.8 |
       Dungeon |   5114 |   4745 |    369 |      0 |   4278 |   4 | 1278.5 |
        Temple |    104 |     89 |     15 |      0 |     73 |   1 |  104.0 |
               +--------+--------+--------+--------+--------+-----+--------+

Top non-repeatable levels by time:
     D:1: 2049 daAuts
     D:3: 1450 daAuts
     D:2: 1167 daAuts
     D:4: 447 daAuts
  Temple: 104 daAuts
